 Dungeon Crawl Stone Soup version 0.30-a0-591-g3c58d2bc28 (webtiles) character file.

Game seed: 12531920836228176525

351 NinjaNoafa the Conjurer (level 6, -27/37 (51) HPs)
             Began as a Gnoll Wanderer on Jan 5, 2023.
             Annihilated by an ogre
             ... wielding a +0 giant club
              (30 damage)
             ... on level 4 of the Dungeon.
             The game lasted 00:09:02 (3427 turns).

NinjaNoafa the Conjurer (Gnoll Wanderer)            Turns: 3427, Time: 00:09:02

HP:   -27/37 (51)   AC:  4    Str: 11    XL:     6   Next: 61%
MP:   13/14         EV: 11    Int: 16    God:
Gold: 137           SH:  4    Dex:  9    Spells: 12/15 levels left

rFire   + . .      SeeInvis .    g - staff of cold
rCold   . . .      Faith    .    b - +0 buckler
rNeg    . . .      Spirit   .    d - +0 robe
rPois   .          Reflect  .    (no helmet)
rElec   .          Harm     .    x - scarf {+Inv}
rCorr   +          Rampage  .    j - +1 pair of gloves
Will    .....                    (no boots)
Stlth   ++                       u - amulet of magic regeneration
HPRegen 0.26/turn                f - ring of fire
MPRegen 0.54/turn                y - ring of resist corrosion

@: very heavily drained
A: fangs 1, strong nose, distributed training
a: Evoke Invisibility


You were on level 4 of the Dungeon.
You visited 1 branch of the dungeon, and saw 4 of its levels.

You collected 137 gold pieces.

Inventory:

Missiles
 p - 6 poisoned darts
Armour
 b - a +0 buckler (worn)
 d - a +0 robe (worn)
 j - a +1 pair of gloves (worn)
 x - a scarf of invisibility (worn)
Magical Staves
 g - a staff of cold (weapon)
Jewellery
 f - a ring of fire (left hand)
 u - an amulet of magic regeneration (around neck)
 y - a ring of resist corrosion (right hand)
Wands
 s - a wand of flame (14)
Scrolls
 a - a scroll of brand weapon {unknown}
 c - 2 scrolls of fear
 e - 3 scrolls of enchant armour {unknown}
 h - a scroll of fog {unknown}
 k - 3 scrolls of identify {unknown}
 m - a scroll of magic mapping {unknown}
 n - a scroll of blinking {unknown}
 r - a scroll of immolation {unknown}
 v - a scroll of teleportation {unknown}
Potions
 i - 4 potions of curing {unknown}
 l - a potion of flight {unknown}
 o - 2 potions of heal wounds {unknown}
 q - 2 potions of might {unknown}
 t - a potion of mutation {unknown}
 w - a potion of attraction {unknown}


   Skills:
 + Level 5.0 Fighting
 + Level 2.1 Short Blades
 + Level 2.1 Long Blades
 + Level 3.3 Axes
 + Level 2.1 Maces & Flails
 + Level 2.1 Polearms
 + Level 2.1 Staves
 + Level 2.1 Ranged Weapons
 + Level 2.1 Throwing
 + Level 2.1 Armour
 + Level 2.1 Dodging
 + Level 2.1 Stealth
 + Level 3.3 Shields
 + Level 2.1 Unarmed Combat
 + Level 5.4 Spellcasting
 + Level 7.3 Conjurations
 + Level 1.6 Hexes
 + Level 1.6 Summonings
 + Level 1.6 Necromancy
 + Level 1.6 Translocations
 + Level 1.6 Transmutations
 + Level 1.6 Fire Magic
 + Level 1.6 Ice Magic
 + Level 1.6 Air Magic
 + Level 1.6 Earth Magic
 + Level 1.6 Poison Magic
 + Level 2.3 Invocations
 + Level 2.1 Evocations


You had 12 spell levels left.
You knew the following spells:

 Your Spells              Type           Power      Damage    Failure   Level
a - Shock                 Conj/Air       72%        1d7       3%          1
b - Magic Dart            Conj           100%       1d8       1%          1
c - Kiss of Death         Conj/Necr      72%        2d10      3%          1

Your spell library contained the following spells:

 Spells                   Type           Power      Damage    Failure   Level
 Stone Arrow              Conj/Erth      36%        3d9       9%          3
 Mephitic Cloud           Conj/Pois/Air  15%        N/A       13%         3
 Call Imp                 Summ           9%         N/A       14%         2
 Confusing Touch          Hex            9%         N/A       28%         3
 Flame Wave               Conj/Fire      28%        2d9       30%         4
 Dispel Undead            Necr           9%         3d8       67%         4


Dungeon Overview and Level Annotations

Branches:
Dungeon (4/15)
 Temple: D:4-7

Altars:
Dithmenos
Fedhas
Qazlal


Innate Abilities, Weirdness & Mutations

You have very sharp teeth.
Your uncanny sense of smell can sniff out nearby items.
Your experience applies equally to all skills.


Message History

You see here a +0 ring mail.
Key pressed, stopping explore.
An ogre comes into view. It is wielding a +0 giant club.
The magic dart hits the ogre.
The ogre is lightly wounded.
The magic dart hits the ogre!
The ogre is moderately wounded.
The magic dart hits the ogre!
The ogre is heavily wounded.
The magic dart hits the ogre but does no damage.
The ogre is heavily wounded.
The magic dart hits the ogre.
The ogre is severely wounded.
The ogre closely misses you. The ogre attacks as you move away!
You block the ogre's attack.
The magic dart hits the ogre.
The ogre is almost dead.
The ogre attacks as you move away! The ogre hits you with a +0 giant club!
You are too injured to fight recklessly!
The ogre attacks as you move away! The ogre barely misses you.
You are too injured to fight recklessly!
You are too injured to fight recklessly!
Aiming: Magic Dart (safe; 1% risk of failure)
Press: ? - help, Q - select action, (/) - cycle Shift-Dir - straight line, f/p - ogre
Aim: an ogre, wielding a +0 giant club (almost dead, 100% to hit)
The magic dart hits the ogre.
The ogre is almost dead.
The ogre attacks as you move away!
The ogre hits you with a +0 giant club!!
Ouch! That really hurt!
* * * LOW HITPOINT WARNING * * *
Casting: Magic Dart (safe; 1% risk of failure)
Confirm with . or Enter, or press ? or * to list all spells.
Aiming: Shock (safe; 3% risk of failure)
Press: ? - help, Shift-Dir - straight line, f/p - ogre
Aim: an ogre, wielding a +0 giant club (almost dead, 86% to hit)
The zap misses the ogre.
The ogre hits you with a +0 giant club!!
Ouch! That really hurt!
You die...

###.# ###...# #...#
##.### #..# #.## #.#
#O# #@# #[# #.#
##### #####.#
##.....##.....##
####..............##
.##....[......(....#
.##................#
.#<...............#


You could see an ogre.

Vanquished Creatures
  2 phantoms
  Blork the orc (D:4)
  A hound (D:3)
  3 adders (D:2)
  2 worms
  2 dart slugs
  An orc (D:3)
  6 bats
  7 endoplasms
  3 giant cockroaches
  4 goblins
  4 hobgoblins
  6 jackals
  5 quokkas
  5 ball pythons
  2 frilled lizards
  8 kobolds
  4 rats
66 creatures vanquished.

Vanquished Creatures (others)
  2 fungi (D:3)
  3 plants (D:3)
5 creatures vanquished.

Grand Total: 71 creatures vanquished

Notes
Turn   | Place    | Note
-------+----------+-------------------------------------------
     0 | D:1      | NinjaNoafa the Gnoll Wanderer began the quest for the Orb.
     0 | D:1      | NinjaNoafa set off with the following items: a +0 hand axe,
                  | a +0 buckler, a scroll of fear, a +0 robe; and the
                  | following spell memorised: Shock; and the following spells
                  | available to memorise: Stone Arrow, Flame Wave.
     0 | D:1      | Reached XP level 1. HP: 20/20 MP: 6/6
    74 | D:1      | Learned a level 1 spell: Magic Dart
   325 | D:1      | Reached XP level 2. HP: 26/26 MP: 5/7
   892 | D:1      | Reached skill level 5 in Spellcasting
   892 | D:1      | Reached XP level 3. HP: 31/31 MP: 6/9
  1272 | D:2      | Reached skill level 1 in Invocations
  1424 | D:2      | Reached skill level 1 in Short Blades
  1424 | D:2      | Reached skill level 1 in Long Blades
  1424 | D:2      | Reached skill level 1 in Maces & Flails
  1424 | D:2      | Reached skill level 1 in Polearms
  1424 | D:2      | Reached skill level 1 in Staves
  1424 | D:2      | Reached skill level 1 in Ranged Weapons
  1424 | D:2      | Reached skill level 1 in Throwing
  1424 | D:2      | Reached skill level 1 in Armour
  1424 | D:2      | Reached skill level 1 in Dodging
  1424 | D:2      | Reached skill level 1 in Stealth
  1424 | D:2      | Reached skill level 1 in Unarmed Combat
  1424 | D:2      | Reached skill level 1 in Evocations
  1494 | D:2      | Learned a level 1 spell: Kiss of Death
  1683 | D:2      | Reached XP level 4. HP: 38/38 MP: 8/11
  1999 | D:3      | Noticed a phantom
  2023 | D:3      | Killed a phantom
  2024 | D:3      | Reached skill level 1 in Hexes
  2024 | D:3      | Reached skill level 1 in Summonings
  2024 | D:3      | Reached skill level 1 in Necromancy
  2024 | D:3      | Reached skill level 1 in Translocations
  2024 | D:3      | Reached skill level 1 in Transmutations
  2024 | D:3      | Reached skill level 1 in Fire Magic
  2024 | D:3      | Reached skill level 1 in Ice Magic
  2024 | D:3      | Reached skill level 1 in Air Magic
  2024 | D:3      | Reached skill level 1 in Earth Magic
  2024 | D:3      | Reached skill level 1 in Poison Magic
  2024 | D:3      | Reached XP level 5. HP: 32/43 MP: 8/12
  2539 | D:3      | Found a blossoming altar of Fedhas.
  2549 | D:3      | Found a stormy altar of Qazlal.
  2974 | D:4      | Noticed Blork the orc
  2982 | D:4      | Killed Blork the orc
  2983 | D:4      | Reached skill level 5 in Fighting
  2983 | D:4      | Reached XP level 6. HP: 44/51 MP: 5/14
  3155 | D:4      | Found a shadowy altar of Dithmenos.
  3427 | D:4      | Annihilated by an ogre

Illustrated notes

Levels and vault maps discovered:
D:1:      nzn_arrival_crosshair, layout_basic
D:2:      layout_basic
D:3:      layout_basic, grunt_temple_overflow_forces_of_nature
D:4:      black_bear_nest_2, layout_rooms, grunt_dithmenos_smoke_and_mirrors,
          uniq_blork_the_orc

Skill      XL: |  1  2  3  4  5  6 |
---------------+-------------------+-----
Spellcasting   | 5 |  5.4
Invocations    | 1 2 |  2.3
Short Blades   | 1 2 |  2.1
Long Blades    | 1 2 |  2.1
Maces & Flails | 1 2 |  2.1
Polearms       | 1 2 |  2.1
Staves         | 1 2 |  2.1
Ranged Weapons | 1 2 |  2.1
Throwing       | 1 2 |  2.1
Armour         | 1 2 |  2.1
Dodging        | 1 2 |  2.1
Stealth        | 1 2 |  2.1
Unarmed Combat | 1 2 |  2.1
Evocations     | 1 2 |  2.1
Axes           | 3 |  3.3
Shields        | 3 |  3.3
Hexes          | 1 |  1.6
Summonings     | 1 |  1.6
Necromancy     | 1 |  1.6
Translocations | 1 |  1.6
Transmutations | 1 |  1.6
Fire Magic     | 1 |  1.6
Ice Magic      | 1 |  1.6
Air Magic      | 1 |  1.6
Earth Magic    | 1 |  1.6
Poison Magic   | 1 |  1.6
Fighting       | 5 |  5.0
Conjurations   | |  7.3

Action                   |  1- 3 |  4- 6 || total
-------------------------+-------+-------++-------
Melee: Staff             |     3 |    31 ||    34
       Bite              |       |     5 ||     5
 Cast: Magic Dart        |    51 |    79 ||   130
       Shock             |    10 |     6 ||    16
       Kiss of Death     |       |     2 ||     2
Armor: Robe              |     7 |     8 ||    15
Dodge: Dodged            |    17 |    22 ||    39
Block: Buckler           |     7 |     5 ||    12

Table legend: (Time is in decaauts)
 A = Elapsed time spent in this place.
 B = Non-inter-level travel time spent in this place.
 C = Inter-level travel time spent in this place.
 D = Time resting spent in this place.
 E = Time spent auto-exploring this place.
 F = Levels seen in this place.
 G = Mean time per level.
                   A        B        C        D        E       F      G
               +--------+--------+--------+--------+--------+-----+--------+
         Total |   3431 |   3275 |    156 |      0 |   2821 |   4 |  857.8 |
       Dungeon |   3431 |   3275 |    156 |      0 |   2821 |   4 |  857.8 |
               +--------+--------+--------+--------+--------+-----+--------+

Top non-repeatable levels by time:
     D:1: 1094 daAuts
     D:3: 1085 daAuts
     D:2: 891 daAuts
     D:4: 359 daAuts
